 Dungeon Crawl Stone Soup version 0.25.1-1-g288607f (webtiles) character file.

Game seed: 17305903121672334587

1200 Ayyar the Covert (level 8, -13/52 HPs)
             Began as an Octopode Assassin on Aug 9, 2020.
             Was a Follower of Lugonu.
             Mangled by an orc warrior
             ... wielding a +0 long sword
              (18 damage)
             ... on level 5 of the Dungeon on Aug 14, 2020.
             The game lasted 00:25:27 (5512 turns).

Ayyar the Covert (Octopode Assassin)                Turns: 5512, Time: 00:25:28

Health: -13/52     AC:  1    Str: 13    XL:     8   Next: 44%
Magic:  8/8        EV: 13    Int: 13    God:    Lugonu [*.....]
Gold:   167        SH:  4    Dex: 13    Spells: 7/7 levels left

rFire    . . .     SeeInvis .   a - +2 dagger
rCold    . . .     Gourm    .   u - +0 buckler
rNeg     . . .     Faith    .   (helmet restricted)
rPois    +         Spirit   .   (no amulet)
rElec    .         Reflect  .   D - ring of poison resistance
rCorr    .         Harm     .   (no ring)
MR       .....                  (no ring)
Stlth    ++++++....             (no ring)
HPRegen  0.17/turn              (no ring)
MPRegen  0.11/turn              (no ring)
                                (no ring)
                                (no ring)

@: flying
A: almost no armour, stealthy swim, amphibious, 8 rings, constrict 8, camouflage
1, gelatinous body 1
a: Depart the Abyss, Renounce Religion


You were on level 5 of the Dungeon.
You worshipped Lugonu.
Lugonu was aware of your devotion.
You were very hungry.

You visited 2 branches of the dungeon, and saw 7 of its levels.

You collected 304 gold pieces.
You spent 137 gold pieces at shops.

Inventory:

Hand Weapons
 a - a +2 dagger (weapon)
 r - a +2 short sword of freezing
 t - a +1 dagger of venom
Missiles
 c - 2 curare-tipped darts
 j - 3 poisoned darts
 B - a silver boomerang (quivered)
Armour
 u - a +0 buckler (worn)
Jewellery
 D - a ring of poison resistance (left tentacle)
Wands
 z - a wand of random effects (21)
Scrolls
 b - a scroll of amnesia {unknown}
 f - a scroll of immolation
 g - a scroll of random uselessness {unknown}
 l - 3 scrolls of identify
 n - 3 scrolls of magic mapping
 s - 3 scrolls of remove curse {unknown}
 v - a scroll of blinking {unknown}
 y - a scroll of enchant armour {unknown}
 A - a scroll of enchant weapon {unknown}
Potions
 e - a potion of curing {unknown}
 h - a potion of haste {unknown}
 k - a potion of flight
 m - 2 potions of mutation {unknown}
 o - 4 potions of cancellation
 p - a potion of berserk rage
 q - a potion of might {unknown}
 w - a potion of lignification {unknown}
 x - a potion of stabbing {unknown}
 C - a potion of ambrosia
Comestibles
 d - 7 rations


   Skills:
 + Level 3.1 Fighting
 + Level 3.9 Short Blades
 - Level 4.0 Throwing
 + Level 2.2 Dodging
 * Level 11.7 Stealth
 + Level 1.4 Shields


You had 7 spell levels left.
You didn't know any spells.
Your spell library contained the following spells:

 Spells                   Type           Power        Failure   Level  Hunger
 Magic Dart               Conj           #...         38%         1    ##.....
 Blink                    Tloc           N/A          54%         2    ###....
 Call Imp                 Summ           #.......     54%         2    ###....
 Slow                     Hex            #.......     54%         2    ###....
 Conjure Flame            Conj/Fire      #.......     77%         3    ####...
 Mephitic Cloud           Conj/Pois/Air  #.......     77%         3    ####...


Dungeon Overview and Level Annotations

Branches:
Dungeon (6/15)             Temple (1/1) D:5

Altars:
Ashenzari
Elyvilon
Gozag
Makhleb
Qazlal
Ru
Sif Muna
Trog
Uskayaw
Vehumet
Xom
Yredelemnul
Zin
The Shining One
Lugonu

Shops:
D:5 *


Innate Abilities, Weirdness & Mutations

You cannot wear most types of armour.
You are very stealthy in the water. (Stealth+)
You are amphibious.
You can wear up to eight rings at the same time.
You can use your tentacles to constrict eight enemies at once.
Your skin changes colour to match your surroundings (Stealth+).
Your rubbery body absorbs attacks. (AC +1, EV +1)


Message History

a +0 mace; a +0 leather armour; an orc skeleton Done exploring.
There is a stone staircase leading down, spattered with blood here.
You climb downwards.
The orc warrior hits you with a +0 long sword!!
The orc warrior hits you with a +0 long sword!
There is a stone staircase leading up, spattered with blood here.
The orc priest calls down the wrath of Beogh upon you.
Beogh smites you!
* * * LOW HITPOINT WARNING * * *
You climb upwards.
There is a stone staircase leading down, spattered with blood here.
It was a potion of flight.
You feel very buoyant.
You fly up into the air.
The orc warrior barely misses you.
You hit the orc warrior. You grab the orc warrior.
The orc warrior is lightly wounded.
You constrict the orc warrior.
The orc warrior hits you with a +0 long sword!!
You die...

..............#.# #.#.#
............#.#.# #.#.#
............#.#.# #.#.#
............#...# #.#.# ###
#####.#.....##..###.#.####.#
#..........................#
#...........##..###.#.####.#
.......########[###.#....#.#
..###.#........o@##.####.#.#
......#.#....######......#.#
.######.#....# ##########.#
## #....#....# #..........#
#.######### #.##########
#...# #.# ###.# #.# #.####
#.# #....# #.#


You could see an orc warrior.

Vanquished Creatures
  Edmund (D:4)
  An orc warrior (D:6)
  A phantom (D:5)
  3 ogres (D:5)
  A centaur (D:3)
  A scorpion (D:5)
  A crimson imp (D:5)
  A jelly (D:5)
  An orc wizard (D:3)
  3 orc priests
  An iguana (D:5)
  4 worker ants
  A hound skeleton (D:5)
  A worker ant zombie (D:5)
  3 gnolls (D:4)
  6 adders
  A shadow imp (D:5)
  An adder skeleton (D:4)
  3 worms
  A dart slug (D:3)
  2 leopard geckos
  13 orcs
  A bat (D:3)
  6 giant cockroaches
  11 goblins
  5 hobgoblins
  7 jackals
  3 kobolds (D:2)
  4 quokkas
  3 frilled lizards
  A quokka zombie (D:5)
  7 rats
99 creatures vanquished.

Notes
Turn   | Place    | Note
-------+----------+-------------------------------------------
     0 | D:1      | Ayyar the Octopode Assassin began the quest for the Orb.
     0 | D:1      | Reached XP level 1. HP: 14/14 MP: 1/1
   170 | D:1      | Reached XP level 2. HP: 19/19 MP: 2/2
   717 | D:1      | Reached skill level 6 in Stealth
  1026 | D:2      | Reached XP level 3. HP: 24/24 MP: 3/3
  1042 | D:2      | Found a bloodstained altar of Trog.
  1281 | D:2      | Reached skill level 7 in Stealth
  1281 | D:2      | Reached XP level 4. HP: 23/29 MP: 4/4
  1707 | D:2      | Found a radiant altar of Vehumet.
  2208 | D:3      | Reached skill level 8 in Stealth
  2208 | D:3      | Reached XP level 5. HP: 19/34 MP: 5/5
  2584 | D:3      | Reached XP level 6. HP: 15/41 MP: 6/6
  2837 | D:3      | Reached skill level 9 in Stealth
  2889 | D:3      | Found a hide-covered altar of Uskayaw.
  2889 | D:3      | Found a white marble altar of Elyvilon.
  2889 | D:3      | Found a glowing golden altar of the Shining One.
  2889 | D:3      | Found a shattered altar of Ashenzari.
  3147 | D:3      | You fall into a shaft and drop 2 floors!
  3147 | D:5      | Entered Level 5 of the Dungeon
  3403 | D:4      | Noticed Edmund
  3409 | D:4      | Killed Edmund
  3409 | D:4      | Reached skill level 10 in Stealth
  3409 | D:4      | Reached XP level 7. HP: 40/45 MP: 7/7
  4083 | D:5      | Found Ixtueng's General Store.
  4091 | D:5      | Bought a potion of ambrosia for 88 gold pieces
  4091 | D:5      | Bought a scroll of magic mapping for 38 gold pieces
  4091 | D:5      | Bought a scroll of noise for 11 gold pieces
  4511 | D:5      | Found a staircase to the Ecumenical Temple.
  4520 | Temple   | Entered the Ecumenical Temple
  4553 | Temple   | Became a worshipper of Lugonu the Unformed
  4553 | Temple   | Reached * piety under Lugonu
  4690 | D:5      | Reached skill level 11 in Stealth
  4698 | D:5      | Reached skill level 1 in Shields
  4698 | D:5      | Reached XP level 8. HP: 51/51 MP: 8/8
  5512 | D:5      | Mangled by an orc warrior

Illustrated notes

Levels and vault maps discovered:
D:1:      nicolae_arrival_somewhat_less_tricky_arrival, layout_basic,
          wander_ebering_terrifying_dragon_lair
D:2:      layout_basic, vehumet_crystals, serial_bayou_pond_e,
          trog_three_pillars_becter
D:3:      layout_loops_ring, grunt_temple_overflow_cloverleaf
D:4:      layout_loops_ring, first_ration, uniq_edmund
D:5:      layout_basic, temple_statues, serial_shops, shop
D:6:      layout_cave_pods, kennysheep_mini, grunt_potential, uniq_sigmund
Temple:   corrupted_temple

Skill      XL: |  1  2  3  4  5  6  7  8 |
---------------+-------------------------+-----
Stealth        | 6 7 8 10 11 | 11.7
Throwing       | 3 4 |  4.0
Short Blades   | 3 |  3.9
Shields        | 1 |  1.4
Fighting       | 3 |  3.1
Dodging        | 2 |  2.2

Action                   |  1- 3 |  4- 6 |  7- 9 || total
-------------------------+-------+-------+-------++-------
Melee: Dagger            |    41 |    89 |    65 ||   195
       Constrict         |    10 |    18 |    17 ||    45
       Tentacles         |     3 |     8 |    15 ||    26
Throw: Dart              |       |    24 |     3 ||    27
       Boomerang         |       |       |    62 ||    62
  Use: Scroll            |       |     2 |     2 ||     4
       Potion            |       |       |     2 ||     2
 Stab: Sleeping          |    10 |    15 |     3 ||    28
  Eat: Chunk             |     1 |     2 |     3 ||     6
       Ration            |       |     1 |     1 ||     2
Armor: Skin              |       |     3 |     2 ||     5
Dodge: Dodged            |    17 |    36 |    31 ||    84
Block: Buckler           |       |     8 |     9 ||    17
